 Dungeon Crawl Stone Soup version 0.19.3-1-g3169bf9 (webtiles) character file.

74 Alarkh the Cudgeler (level 4, -2/48 HPs)
             Began as an Ogre Monk on Jan 25, 2017.
             Slain by Grinder (5 damage)
             ... on level 3 of the Dungeon.
             The game lasted 00:01:59 (2424 turns).

Alarkh the Cudgeler (Ogre Monk)                     Turns: 2424, Time: 00:02:01

Health: -2/48      AC:  3    Str: 16    XL:     4   Next: 28%
Magic:  4/4        EV: 16    Int: 10    God:
Gold:   129        SH:  0    Dex: 20    Spells: 0 memorised, 3 levels left

rFire  . . .     SeeInvis .     a - +0 mace
rCold  . . .     Gourm    .     b - +0 robe
rNeg   . . .     Faith    .     (no shield)
rPois  .         Spirit   .     (helmet restricted)
rElec  .         Reflect  .     (no cloak)
rCorr  .         Harm     .     (gloves unavailable)
MR     .....                    (boots unavailable)
Stlth  +++.......               (no amulet)
                                (no ring)
                                k - +3 ring of dexterity (curse)

@: agile
A: unfitting armour, tough skin 1
a: no special abilities


You were on level 3 of the Dungeon.
You were not hungry.

You visited 1 branch of the dungeon, and saw 3 of its levels.

You collected 129 gold pieces.

Inventory:

Hand Weapons
 a - a +0 mace (weapon)
Armour
 b - a +0 robe (worn)
Jewellery
 k - a cursed +3 ring of dexterity (left hand)
 y - an uncursed ring of resist corrosion {unknown}
Scrolls
 e - 2 scrolls of identify
 f - a scroll of magic mapping {unknown}
 h - a scroll of blinking {unknown}
 j - 2 scrolls of random uselessness {unknown}
 m - a scroll of enchant weapon {unknown}
 n - a scroll of amnesia {unknown}
 p - a scroll of remove curse {unknown}
 r - 3 scrolls of teleportation {unknown}
 s - a scroll of immolation {unknown}
Potions
 i - a potion of resistance
 l - a potion of cancellation
 u - a potion of curing
 v - a potion of berserk rage {unknown}
 x - a potion of might {unknown}
 z - a potion of heal wounds {unknown}
Comestibles
 c - 3 bread rations
 d - 3 fruits
 o - a royal jelly
 q - 2 chunks of flesh
 w - a slice of pizza


   Skills:
 - Level 4.0 Fighting
 + Level 6.6 Maces & Flails
 - Level 2.6 Dodging
 - Level 1.4 Stealth


You had 3 spell levels left.
You didn't know any spells.

Dungeon Overview and Level Annotations

Branches:
Dungeon (3/15)

Altars:
Yredelemnul

Annotations:
D:3 Grinder


Innate Abilities, Weirdness & Mutations

You are too large for most types of armour.
You have tough skin. (AC +1)


Message History

Grinder is heavily wounded.
Grinder hits you!
You writhe in agony.
* * * LOW HITPOINT WARNING * * *
It was a potion of curing.
You feel better. Grinder hits you!
* * * LOW HITPOINT WARNING * * *
It was a potion of agility.
You feel agile all of a sudden. Grinder hits you.
* * * LOW HITPOINT WARNING * * *
You writhe in agony.
* * * LOW HITPOINT WARNING * * *
You hit Grinder but do no damage.
Grinder is heavily wounded.
Grinder barely misses you.
You hit Grinder.
Grinder is severely wounded.
Grinder hits you.
* * * LOW HITPOINT WARNING * * *
You writhe in agony.
You die...

##.##..# #.....# ##...#..#
#.###.# #.###...# #...#.#
..# #...# #.#.#.#
#.###.#.# ### #...).#
##...##... ..# ###.###
##.## ### #.# #.# #.# #5#
#.# ###.# #@# #.# #...#
#.# #.# ...#############.#
#.# ...# #...........# #.#
...###.########### #.#
...<...#################.#
.........(....<..........#
......####################
...####


You could see Grinder.

Vanquished Creatures
  2 adders
  2 dart slugs (D:1)
  A leopard gecko (D:1)
  A ball python (D:1)
  3 giant cockroaches
  5 goblins
  10 hobgoblins
  4 jackals (D:1)
  5 kobolds
  A quokka (D:3)
  4 bats
  4 frilled lizards
  3 rats
45 creatures vanquished.

Notes
Turn   | Place    | Note
-------+----------+-------------------------------------------
     0 | D:1      | Alarkh the Ogre Monk began the quest for the Orb.
     0 | D:1      | Reached XP level 1. HP: 24/24 MP: 1/1
   165 | D:1      | Reached XP level 2. HP: 7/32 MP: 2/2
   474 | D:1      | Reached skill level 5 in Maces & Flails
   616 | D:1      | Reached XP level 3. HP: 4/39 MP: 3/3
  1596 | D:2      | Found a basalt altar of Yredelemnul.
  1746 | D:2      | Reached skill level 6 in Maces & Flails
  2093 | D:3      | Reached XP level 4. HP: 48/48 MP: 4/4
  2325 | D:3      | Noticed Grinder
  2405 | D:3      | Paralysed by Grinder for 7 turns
  2424 | D:3      | Slain by Grinder

Skill      XL: |  1  2  3 |
---------------+----------+-----
Maces & Flails | 5 6 |  6.6
Fighting       | |  4.0
Dodging        | |  2.6
Stealth        | |  1.4

Action                   |  1- 3 |  4- 6 || total
-------------------------+-------+-------++-------
Melee: Mace              |   116 |    37 ||   153
  Use: Scroll            |     3 |       ||     3
       Potion            |       |     3 ||     3
 Stab: Sleeping          |       |     3 ||     3
  Eat: Chunk             |     4 |     1 ||     5
Armor: Robe              |    27 |     7 ||    34
Dodge: Dodged            |    69 |    18 ||    87
